 Dungeon Crawl Stone Soup version 0.30-a0-168-g0b976cbdc4 (webtiles) character file.

Game seed: 13760558332788578059

69562 qw the Severer (level 15, -26/96 HPs)
             Began as a Gargoyle Fighter on Sept 29, 2022.
             Was a High Priest of Okawaru.
             Annihilated by a juggernaut zombie (36 damage)
             ... led by a necromancer
             ... on level 2 of the Abyss.
             The game lasted 00:08:25 (20072 turns).

qw the Severer (Gargoyle Fighter)                  Turns: 20072, Time: 00:08:26

Health: -26/96     AC: 46    Str: 26    XL:     15   Next: 30%
Magic:  22/22      EV: 10    Int: 10    God:    Okawaru [*****.]
Gold:   2113       SH:  0    Dex:  9    Spells: 14/14 levels left

rFire   . . .      SeeInvis .    Y - +2 broad axe (vorpal)
rCold   + + .      Faith    .    b - +0 buckler {AC+3}
rNeg    + . .      Spirit   .    v - +0 plate armour {rC+}
rPois   inf        Reflect  +    x - +2 helmet
rElec   +          Harm     .    A - scarf {repulsion}
rCorr   .          Rampage  .    p - +2 pair of gloves
Will    +....                    i - +1 pair of boots
Stlth   ..........               r - amulet of reflection
HPRegen 0.26/turn                q - +4 ring of protection
MPRegen 0.18/turn                D - ring of protection from cold

@: confused, heroic, flying, glowing, repel missiles
A: sickness immunity, AC +11, big wings, negative energy resistance 1,
electricity resistance, torment resistance 1, petrification resistance
a: Renounce Religion, Heroism, Finesse, Duel


You were on level 2 of the Abyss.
You worshipped Okawaru.
Okawaru was extremely pleased with you.
You visited 3 branches of the dungeon, and saw 21 of its levels.
You visited the Abyss 1 time.

You collected 2652 gold pieces.
You spent 539 gold pieces at shops.


Innate Abilities, Weirdness & Mutations

You are immune to sickness and miasma.
Your stone body is resilient. (AC +11)
You are immune to poison.
Your large and strong wings let you fly.
You resist negative energy. (rN+)
You are resistant to electric shocks. (rElec)
You are resistant to unholy torment.
You are immune to petrification.


   Skills:
 - Level 12.0(17.0) Fighting
 + Level 16.7(21.7) Axes
 - Level 5.1(10.1) Throwing
 - Level 12.0(17.0) Armour
 - Level 3.2(8.2) Dodging
 - Level 8.0(13.0) Shields
 - Level 10.0 Invocations


You had 14 spell levels left.
You didn't know any spells.
Your spell library was empty.

Inventory:

Hand Weapons
 y - a +0 morningstar
 Y - a +2 vorpal broad axe (weapon)
Missiles
 e - 7 boomerangs
 h - a javelin (quivered)
 B - a silver boomerang
Armour
 b - a +0 buckler of protection (worn)
 i - a +1 pair of boots (worn)
 p - a +2 pair of gloves (worn)
 s - a +0 cloak
 v - a +0 plate armour of cold resistance (worn)
 x - a +2 helmet (worn)
 A - a scarf of repulsion (worn)
Jewellery
 a - a ring of resist corrosion
 f - a ring of ice
 q - a +4 ring of protection (left hand)
 r - an amulet of reflection (around neck)
 C - a ring of positive energy
 D - a ring of protection from cold (right hand)
Wands
 n - a wand of digging (13)
Scrolls
 m - 6 scrolls of identify
 t - 4 scrolls of teleportation
Potions
 c - 6 potions of haste
 d - 4 potions of might
 g - 3 potions of lignification
 j - 6 potions of attraction
 l - 2 potions of resistance
 u - a potion of mutation
 z - 2 potions of magic

Dungeon Overview and Level Annotations

Branches:
Dungeon (15/15)            Temple (1/1) D:7            Lair (5/5) D:9
  Swamp (0/4) Lair:3       Spider (0/4) Lair:2        Slime (0/5) Lair:5
    Orc (0/2) D:10         Vaults (0/5) D:14
 Depths: D:15

Altars:
Ashenzari
Cheibriados
Dithmenos
Elyvilon
Fedhas
Gozag
Hepliaklqana
Kikubaaqudgha
Makhleb
Nemelex Xobeh
Okawaru
Qazlal
Ru
Sif Muna
Trog
Uskayaw
Vehumet
Wu Jian
Xom
Yredelemnul
Zin
The Shining One

Shops:
D:5 *   D:9 ::   D:10 [

Portals:
Trove: D:11 (give 8 potions of haste)

Annotations:
D:15 Louise


Message History

The daeva hits you with a +2 eudemon blade of holy wrath!
The daeva hits you but does no damage.
20066 ||| DRINKING 2 potions of heal wounds.
You feel much better.
The daeva calls down the wrath of the Shining One upon you.
The Shining One smites you! The golden eye blinks at you.
You resist with almost no effort.
You're too confused to move!
The daeva hits you with a +2 eudemon blade of holy wrath.
The daeva hits you but does no damage. The golden eye blinks at you.
You resist with almost no effort.
You slash the juggernaut zombie!
The juggernaut zombie is severely damaged.
The daeva blocks your attack.
You barely miss the golden eye.
The juggernaut zombie completely misses you.
The juggernaut zombie hits you. The golden eye blinks at you.
You resist with almost no effort.
The daeva calls down the wrath of the Shining One upon you.
The Shining One smites you!
20069 ||| DRINKING potion of heal wounds.
You feel much better. The daeva barely misses you.
The daeva completely misses you.
You bump into the stone wall.
The golden eye blinks at you.
You are more confused.
The daeva hits you with a +2 eudemon blade of holy wrath!
The daeva hits you but does no damage.
You hit the juggernaut zombie but do no damage.
The juggernaut zombie is severely damaged.
You hit the golden eye. You slash the daeva!
The golden eye blinks!
You hit the juggernaut zombie but do no damage.
The juggernaut zombie is severely damaged.
The daeva blocks your attack.
The daeva hits you with a +2 eudemon blade of holy wrath.
The daeva barely misses you. The juggernaut zombie hits you!!!
You die...

..# ###
....###.#
#......Z@#
##..##)#A¤.#
#. .#.##
.........
#..#...G...
..#
##...#..#
#.#
G#.#....# ..
#.......#


You could see a daeva, 2 golden eyes and a juggernaut zombie.

Vanquished Creatures
  An ironbound preserver (D:14)
  Snorg (Lair:5)
  4 hydras
  Fannar (Lair:1)
  Harold (D:10)
  4 catoblepae
  4 two-headed ogres
  7 boulder beetles
  A centaur warrior (D:14)
  2 tengu warriors
  A deep troll shaman (Lair:5)
  10 death yaks
  4 skeletal warriors (D:14)
  A spriggan simulacrum (Abyss:2)
  A harpy (shapeshifter) (D:14)
  A wizard (D:13)
  An orc knight (D:14)
  A lindwurm (Lair:5)
  A necromancer (Abyss:2)
  6 ugly things
  2 deep elf pyromancers
  5 manticores
  3 cyclopes (D:13)
  19 elephants
  3 black mambas
  A centaur zombie (Abyss:2)
  2 torpor snails
  5 komodo dragons
  11 cane toads
  3 unseen horrors
  A rime drake (Lair:3)
  2 kobold demonologists
  A tengu conjurer (D:14)
  A bunyip simulacrum (Abyss:2)
  3 trolls
  A harpy zombie (Abyss:2)
  A polar bear (Lair:3)
  8 slime creatures
  2 hornets
  A wind drake (shapeshifter) (D:13)
  5 dream sheep (Lair:5)
  16 blink frogs
  Sigmund (D:5)
  A shadow (D:13)
  20 yaks
  A wyvern (Lair:4)
  Eustachio (D:6)
  4 wraiths
  8 basilisks
  2 redbacks (Lair:2)
  10 vampire mosquitoes
  Menkaure (D:5)
  13 water moccasins
  A sky beast (D:7)
  An ice beast (D:7)
  6 orc warriors
  4 black bears
  3 ogres
  5 wolves (Lair:5)
  6 centaurs
  3 phantoms (D:5)
  3 bullfrogs
  2 kobold brigands
  Blork the orc (D:5)
  3 gnoll sergeants
  2 necrophages (D:5)
  7 scorpions
  6 wights (D:8)
  16 killer bees
  16 howler monkeys
  5 electric eels
  A jelly (D:4)
  11 orc priests
  5 hounds
  Jessica (D:2)
  4 iguanas
  Ijyb (D:3)
  Natasha (thrice) (D:2)
  13 orc wizards
  16 gnolls
  9 adders
  A shadow imp (D:5)
  2 white imps
  An ufetubus (D:5)
  2 worms (D:5)
  2 dart slugs
  43 orcs
  4 endoplasms
  2 giant cockroaches
  3 goblins
  4 hobgoblins
  9 jackals
  3 quokkas
  13 ball pythons
  3 bats (D:1)
  13 kobolds
  14 rats
  A butterfly (Lair:5)
485 creatures vanquished.

Vanquished Creatures (others)
  28 fungi
  36 plants
64 creatures vanquished.

Grand Total: 549 creatures vanquished

Notes
Turn   | Place    | Note
-------+----------+-------------------------------------------
     0 | D:1      | qw the Gargoyle Fighter began the quest for the Orb.
     0 | D:1      | Reached XP level 1. HP: 14/14 MP: 1/1
     0 | D:1      | 0 ||| qw: Version: 0.2-a-12-gaebbb33
     0 | D:1      | 0 ||| qw: Game counter: 1140
     0 | D:1      | 0 ||| qw: Always use a shield: true
     0 | D:1      | 0 ||| qw: God list: Okawaru
     0 | D:1      | 0 ||| qw: Allow faded altars: false
     0 | D:1      | 0 ||| qw: Do Orc after D:15 true
     0 | D:1      | 0 ||| qw: Do second Lair branch before Depths: true
     0 | D:1      | 0 ||| qw: Lair rune preference: random
     0 | D:1      | 0 ||| qw: Plans: Normal, Zot:1-4, God:TSO, Crypt, Tomb,
                  | Pan, Slime:5, Hells, Abyss, Orb
     0 | D:1      | 0 ||| PLANNING D:1-11
    42 | D:1      | Found a faded altar of an unknown god.
    74 | D:1      | Reached skill level 2 in Axes
   130 | D:1      | Reached XP level 2. HP: 19/19 MP: 2/2
   412 | D:1      | 412 ||| Stepping ~*~*~tactically~*~*~ (stealth).
   414 | D:1      | 414 ||| Stepping ~*~*~tactically~*~*~ (stealth).
   416 | D:1      | 416 ||| Stepping ~*~*~tactically~*~*~ (stealth).
   778 | D:1      | 778 ||| UPGRADING to +0 plate armour.
   788 | D:1      | 788 ||| DROPPING +0 scale mail.
   789 | D:1      | 789 ||| UPGRADING to amulet of the acrobat.
   794 | D:1      | 794 ||| READING scroll labelled HUAMITZEGE.
   795 | D:1      | 795 ||| READING scroll labelled SIQIMM QOICUOMP.
   796 | D:1      | 796 ||| READING scroll labelled PAGAD YRUR.
   797 | D:1      | 797 ||| READING 2 scrolls labelled PAMUUX QEULL.
   869 | D:2      | Reached skill level 3 in Axes
   869 | D:2      | Reached XP level 3. HP: 23/23 MP: 3/3
   906 | D:2      | 906 ||| FLEEEEING.
   907 | D:2      | 907 ||| FLEEEEING.
   908 | D:2      | 908 ||| FLEEEEING.
   909 | D:2      | 909 ||| FLEEEEING.
   910 | D:2      | 910 ||| FLEEEEING.
   911 | D:2      | 911 ||| STAIRDANCE
  1113 | D:2      | Noticed Natasha
  1114 | D:2      | 1114 ||| Stepping ~*~*~tactically~*~*~ (hiding).
  1122 | D:2      | Killed Natasha
  1123 | D:2      | Reached skill level 1 in Throwing
  1123 | D:2      | Reached XP level 4. HP: 28/28 MP: 4/4
  1143 | D:2      | Noticed Natasha
  1158 | D:2      | Killed Natasha
  1181 | D:2      | Noticed Natasha
  1182 | D:2      | 1182 ||| FLEEEEING.
  1183 | D:2      | 1183 ||| FLEEEEING.
  1187 | D:2      | Killed Natasha
  1188 | D:2      | Reached skill level 4 in Axes
  1193 | D:2      | 1193 ||| STAIRDANCE
  1336 | D:1      | 1336 ||| UPGRADING to +0 buckler of protection.
  1346 | D:1      | 1346 ||| DROPPING +0 buckler.
  1347 | D:1      | 1347 ||| DROPPING amulet of magic regeneration.
  1348 | D:1      | 1348 ||| READING 2 scrolls labelled NAIVUTHR MEPO.
  1349 | D:1      | 1349 ||| DROPPING scroll of immolation.
  1564 | D:2      | Noticed Jessica
  1577 | D:2      | Killed Jessica
  1578 | D:2      | Reached XP level 5. HP: 29/32 MP: 5/5
  1859 | D:3      | Noticed Ijyb
  1860 | D:3      | 1860 ||| Stepping ~*~*~tactically~*~*~ (stealth).
  1861 | D:3      | 1861 ||| Stepping ~*~*~tactically~*~*~ (stealth).
  1863 | D:3      | 1863 ||| Stepping ~*~*~tactically~*~*~ (hiding).
  1872 | D:3      | Killed Ijyb
  1916 | D:3      | Found a blossoming altar of Fedhas.
  2231 | D:3      | 2231 ||| UPGRADING to +0 pair of boots.
  2236 | D:3      | 2236 ||| UPGRADING to +0 pair of gloves.
  2241 | D:3      | 2241 ||| READING scroll labelled RUIFIR XEGESO.
  2242 | D:3      | 2242 ||| READING scroll labelled DAEV KYAL LEWN.
  2247 | D:3      | 2247 ||| DRINKING 3 murky black potions.
  2248 | D:3      | 2248 ||| DRINKING 2 grey potions.
  2249 | D:3      | 2249 ||| DRINKING 2 dark potions.
  2250 | D:3      | 2250 ||| READING 2 scrolls of identify.
  2250 | D:3      | 2250 ||| IDENTIFYING fuming clear potion
  2251 | D:3      | 2251 ||| DROPPING potion of flight.
  2369 | D:4      | Reached skill level 5 in Axes
  2369 | D:4      | Reached XP level 6. HP: 34/37 MP: 6/6
  2475 | D:4      | 2475 ||| Stepping ~*~*~tactically~*~*~ (stealth).
  2502 | D:4      | 2502 ||| DROPPING +0 mace.
  2824 | D:4      | 2824 ||| Stepping ~*~*~tactically~*~*~ (stealth).
  2830 | D:4      | Reached skill level 6 in Axes
  2830 | D:4      | Reached XP level 7. HP: 44/44 MP: 7/7
  2861 | D:4      | 2861 ||| Stepping ~*~*~tactically~*~*~ (stealth).
  2862 | D:4      | 2862 ||| Stepping ~*~*~tactically~*~*~ (stealth).
  3378 | D:4      | 3378 ||| UPGRADING to +4 ring of protection.
  3379 | D:4      | 3379 ||| READING scroll labelled BUV UFASYT.
  3380 | D:4      | 3380 ||| DRINKING 2 silvery potions.
  3381 | D:4      | 3381 ||| DRINKING 2 glowing brown potions.
  3382 | D:4      | 3382 ||| READING 4 scrolls of identify.
  3382 | D:4      | 3382 ||| IDENTIFYING fuming orange potion
  3383 | D:4      | 3383 ||| READING 3 scrolls of identify.
  3383 | D:4      | 3383 ||| IDENTIFYING murky ruby potion
  3384 | D:4      | 3384 ||| DROPPING potion of invisibility.
  3385 | D:4      | 3385 ||| DROPPING potion of brilliance.
  3386 | D:4      | 3386 ||| DROPPING potion of degeneration.
  3415 | D:5      | Entered Level 5 of the Dungeon
  3416 | D:5      | 3416 ||| PLANNING SEWER
  3444 | D:5      | 3444 ||| Stepping ~*~*~tactically~*~*~ (stealth).
  3445 | D:5      | 3445 ||| Stepping ~*~*~tactically~*~*~ (stealth).
  3520 | D:5      | Noticed Blork the orc
  3521 | D:5      | 3521 ||| Stepping ~*~*~tactically~*~*~ (hiding).
  3523 | D:5      | 3523 ||| Stepping ~*~*~tactically~*~*~ (hiding).
  3524 | D:5      | 3524 ||| Stepping ~*~*~tactically~*~*~ (hiding).
  3532 | D:5      | Killed Blork the orc
  3540 | D:5      | 3540 ||| Stepping ~*~*~tactically~*~*~ (stealth).
  3541 | D:5      | 3541 ||| Stepping ~*~*~tactically~*~*~ (stealth).
  3623 | D:5      | Found Wefaos's Assorted Antiques.
  3641 | D:5      | 3641 ||| SHOPLISTING pair of slimy gloves (332 gold, have
                  | 254).
  3641 | D:5      | 3641 ||| BUYING scroll labelled BILURO SOGARR (35 gold).
  3641 | D:5      | Bought a scroll labelled BILURO SOGARR for 35 gold pieces
  3641 | D:5      | 3641 ||| BUYING scroll labelled HAKHLOHIPN (35 gold).
  3641 | D:5      | Bought a scroll labelled HAKHLOHIPN for 35 gold pieces
  3641 | D:5      | 3641 ||| BUYING thin bone amulet (175 gold).
  3641 | D:5      | Bought a thin bone amulet for 175 gold pieces
  3709 | D:5      | 3709 ||| Stepping ~*~*~tactically~*~*~ (stealth).
  3712 | D:5      | 3712 ||| Stepping ~*~*~tactically~*~*~ (hiding).
  3733 | D:5      | Reached skill level 7 in Axes
  3733 | D:5      | Reached XP level 8. HP: 48/48 MP: 8/8
  3745 | D:5      | 3745 ||| Stepping ~*~*~tactically~*~*~ (stealth).
  3747 | D:5      | 3747 ||| Stepping ~*~*~tactically~*~*~ (stealth).
  3793 | D:5      | Reached skill level 1 in Dodging
  3849 | D:5      | 3849 ||| Stepping ~*~*~tactically~*~*~ (hiding).
  3851 | D:5      | 3851 ||| Stepping ~*~*~tactically~*~*~ (hiding).
  4085 | D:5      | Noticed Menkaure
  4087 | D:5      | 4087 ||| FLEEEEING.
  4088 | D:5      | 4088 ||| FLEEEEING.
  4089 | D:5      | 4089 ||| FLEEEEING.
  4090 | D:5      | 4090 ||| FLEEEEING.
  4091 | D:5      | 4091 ||| FLEEEEING.
  4092 | D:5      | 4092 ||| FLEEEEING.
  4100 | D:5      | 4100 ||| STAIRDANCE
  4145 | D:4      | 4145 ||| UPGRADING to +0 cloak.
  4150 | D:4      | 4150 ||| UPGRADING to amulet of reflection.
  4160 | D:4      | 4160 ||| DROPPING amulet of the acrobat.
  4161 | D:4      | 4161 ||| READING scroll labelled BILURO SOGARR.
  4162 | D:4      | 4162 ||| READING scroll labelled HAKHLOHIPN.
  4162 | D:4      | 4162 ||| ACQUIRING 1252 gold pieces
  4162 | D:4      | Acquired 1252 gold pieces
  4164 | D:4      | 4164 ||| READING 3 scrolls of identify.
  4164 | D:4      | 4164 ||| IDENTIFYING ruby potion
  4166 | D:5      | 4166 ||| RIP SEWER
  4167 | D:5      | 4167 ||| PLANNING D:1-11
  4167 | D:5      | 4167 ||| Stepping ~*~*~tactically~*~*~ (hiding).
  4171 | D:5      | Killed Menkaure
  4172 | D:5      | Reached skill level 8 in Axes
  4280 | D:5      | 4280 ||| Stepping ~*~*~tactically~*~*~ (stealth).
  4289 | D:5      | Noticed Sigmund
  4301 | D:5      | Killed Sigmund
  4302 | D:5      | Reached skill level 6 in Fighting
  4302 | D:5      | Reached XP level 9. HP: 55/55 MP: 9/9
  4373 | D:5      | 4373 ||| Stepping ~*~*~tactically~*~*~ (stealth).
  4374 | D:5      | 4374 ||| Stepping ~*~*~tactically~*~*~ (stealth).
  4535 | D:5      | Reached skill level 9 in Axes
  4787 | D:5      | 4787 ||| Stepping ~*~*~tactically~*~*~ (hiding).
  4791 | D:5      | 4791 ||| Stepping ~*~*~tactically~*~*~ (stealth).
  4907 | D:6      | 4907 ||| Stepping ~*~*~tactically~*~*~ (hiding).
  4928 | D:6      | Reached skill level 6 in Armour
  5044 | D:6      | 5044 ||| FLEEEEING.
  5045 | D:6      | 5045 ||| FLEEEEING.
  5047 | D:6      | 5047 ||| FLEEEEING.
  5052 | D:6      | Noticed Eustachio
  5056 | D:6      | 5056 ||| FLEEEEING.
  5057 | D:6      | 5057 ||| FLEEEEING.
  5058 | D:6      | 5058 ||| FLEEEEING.
  5059 | D:6      | 5059 ||| FLEEEEING.
  5060 | D:6      | 5060 ||| FLEEEEING.
  5061 | D:6      | 5061 ||| Stepping ~*~*~tactically~*~*~ (hiding).
  5083 | D:6      | 5083 ||| Stepping ~*~*~tactically~*~*~ (stealth).
  5084 | D:6      | 5084 ||| FLEEEEING.
  5085 | D:6      | 5085 ||| Stepping ~*~*~tactically~*~*~ (stealth).
  5086 | D:6      | 5086 ||| FLEEEEING.
  5098 | D:6      | Killed Eustachio
  5583 | D:7      | 5583 ||| Stepping ~*~*~tactically~*~*~ (water).
  5878 | D:7      | 5878 ||| Stepping ~*~*~tactically~*~*~ (stealth).
  5884 | D:7      | 5884 ||| Stepping ~*~*~tactically~*~*~ (stealth).
  5896 | D:7      | 5896 ||| Stepping ~*~*~tactically~*~*~ (hiding).
  5898 | D:7      | 5898 ||| Stepping ~*~*~tactically~*~*~ (hiding).
  5900 | D:7      | 5900 ||| Stepping ~*~*~tactically~*~*~ (hiding).
  5901 | D:7      | 5901 ||| Stepping ~*~*~tactically~*~*~ (hiding).
  5953 | D:7      | Found a staircase to the Ecumenical Temple.
  5954 | D:7      | 5954 ||| PLANNING TEMPLE
  5960 | Temple   | Entered the Ecumenical Temple
  6006 | Temple   | 6006 ||| PLANNING OKAWARU WORSHIP
  6133 | Temple   | Became a worshipper of Warmaster Okawaru
  6134 | Temple   | 6134 ||| PLANNING D:1-11
  6203 | D:7      | 6203 ||| Stepping ~*~*~tactically~*~*~ (stealth).
  6208 | D:7      | Reached skill level 10 in Axes
  6333 | D:7      | 6333 ||| Stepping ~*~*~tactically~*~*~ (hiding).
  6345 | D:7      | Reached XP level 10. HP: 58/63 MP: 10/10
  6613 | D:8      | Noticed a catoblepas
  6614 | D:8      | 6614 ||| Stepping ~*~*~tactically~*~*~ (hiding).
  6617 | D:8      | 6617 ||| Stepping ~*~*~tactically~*~*~ (hiding).
  6633 | D:8      | Killed a catoblepas
  6633 | D:8      | Reached * piety under Okawaru
  6809 | D:8      | Found an opulent altar of Gozag.
  6862 | D:8      | 6862 ||| Stepping ~*~*~tactically~*~*~ (stealth).
  6863 | D:8      | 6863 ||| Stepping ~*~*~tactically~*~*~ (stealth).
  6983 | D:8      | Reached skill level 1 in Invocations
  7025 | D:8      | 7025 ||| INVOKING Heroism.
  7069 | D:8      | Reached skill level 3 in Throwing
  7143 | D:8      | 7143 ||| Stepping ~*~*~tactically~*~*~ (stealth).
  7144 | D:8      | 7144 ||| INVOKING Heroism.
  7150 | D:8      | 7150 ||| Stepping ~*~*~tactically~*~*~ (stealth).
  7186 | D:8      | 7186 ||| Stepping ~*~*~tactically~*~*~ (stealth).
  7202 | D:8      | 7202 ||| Stepping ~*~*~tactically~*~*~ (hiding).
  7205 | D:8      | 7205 ||| Stepping ~*~*~tactically~*~*~ (hiding).
  7208 | D:8      | 7208 ||| INVOKING Heroism.
  7215 | D:8      | 7215 ||| Stepping ~*~*~tactically~*~*~ (hiding).
  7231 | D:8      | Reached skill level 3 in Invocations
  7252 | D:8      | Noticed a two-headed ogre
  7253 | D:8      | 7253 ||| Stepping ~*~*~tactically~*~*~ (stealth).
  7303 | D:8      | 7303 ||| INVOKING Heroism.
  7304 | D:8      | Reached ** piety under Okawaru
  7319 | D:8      | Killed a two-headed ogre
  7531 | D:8      | Found a white marble altar of Elyvilon.
  7532 | D:8      | Found a shimmering altar of Xom.
  7533 | D:8      | Found a glowing golden altar of the Shining One.
  7534 | D:8      | Found a radiant altar of Vehumet.
  7551 | D:8      | 7551 ||| UPGRADING to +0 helmet.
  7556 | D:8      | 7556 ||| READING 2 scrolls of identify.
  7556 | D:8      | 7556 ||| IDENTIFYING yellow potion
  7557 | D:8      | 7557 ||| DROPPING potion of ambrosia.
  7608 | D:9      | 7608 ||| Stepping ~*~*~tactically~*~*~ (stealth).
  7613 | D:9      | 7613 ||| INVOKING Heroism.
  7804 | D:9      | Noticed a two-headed ogre
  7805 | D:9      | 7805 ||| INVOKING Heroism.
  7820 | D:9      | Killed a two-headed ogre
  7821 | D:9      | Reached XP level 11. HP: 67/69 MP: 12/14
  7845 | D:9      | 7845 ||| INVOKING Heroism.
  7878 | D:9      | 7878 ||| Stepping ~*~*~tactically~*~*~ (stealth).
  7881 | D:9      | 7881 ||| Stepping ~*~*~tactically~*~*~ (stealth).
  7906 | D:9      | 7906 ||| DROPPING +0 flail.
  7928 | D:9      | 7928 ||| Stepping ~*~*~tactically~*~*~ (stealth).
  7929 | D:9      | 7929 ||| Stepping ~*~*~tactically~*~*~ (hiding).
  7930 | D:9      | 7930 ||| Stepping ~*~*~tactically~*~*~ (hiding).
  7937 | D:9      | 7937 ||| INVOKING Heroism.
  7953 | D:9      | Reached *** piety under Okawaru
  7965 | D:9      | Found a staircase to the Lair.
  7994 | D:9      | Reached skill level 11 in Axes
  8051 | D:9      | 8051 ||| READING scroll of enchant armour.
  8051 | D:9      | 8051 ||| ENCHANTING +0 pair of gloves.
  8122 | D:9      | 8122 ||| INVOKING Heroism.
  8240 | D:9      | Found Rurout's Book Shoppe.
  8248 | D:9      | Found Veghah's Book Emporium.
  8255 | D:9      | 8255 ||| INVOKING Heroism.
  8263 | D:9      | Reached skill level 9 in Fighting
  8409 | D:9      | 8409 ||| PLANNING LAIR
  8409 | D:9      | 8409 ||| UPGRADING to +0 plate armour of cold resistance.
  8419 | D:9      | 8419 ||| DROPPING +0 plate armour.
  8420 | D:9      | 8420 ||| UPGRADING to +1 helmet.
  8430 | D:9      | 8430 ||| DROPPING +0 helmet.
  8431 | D:9      | 8431 ||| DROPPING ring of wizardry.
  8432 | D:9      | 8432 ||| READING scroll labelled HULOZE UREY.
  8460 | Lair:1   | Entered Level 1 of the Lair of Beasts
  8623 | Lair:1   | Found an ornate altar of the Wu Jian Council.
  8623 | Lair:1   | Found a hide-covered altar of Uskayaw.
  8623 | Lair:1   | Noticed a boulder beetle
  8624 | Lair:1   | 8624 ||| INVOKING Heroism.
  8641 | Lair:1   | Killed a boulder beetle
  8653 | Lair:1   | 8653 ||| INVOKING Heroism.
  8656 | Lair:1   | Noticed Fannar
  8660 | Lair:1   | Reached skill level 9 in Armour
  8676 | Lair:1   | Killed Fannar
  8676 | Lair:1   | Reached **** piety under Okawaru
  9110 | Lair:1   | 9110 ||| INVOKING Heroism.
  9147 | Lair:1   | 9147 ||| INVOKING Heroism.
  9237 | Lair:1   | 9237 ||| UPGRADING to ring of positive energy.
  9238 | Lair:1   | 9238 ||| READING scroll labelled WOIK VECZE.
  9262 | Lair:2   | 9262 ||| FLEEEEING.
  9274 | Lair:2   | Found a hole to the Spider Nest.
  9285 | Lair:2   | Noticed a death yak
  9286 | Lair:2   | 9286 ||| INVOKING Heroism.
  9305 | Lair:2   | Killed a death yak
  9305 | Lair:2   | Received a gift from Okawaru
  9311 | Lair:2   | 9311 ||| INVOKING Heroism.
  9321 | Lair:2   | Reached skill level 6 in Invocations
  9416 | Lair:2   | 9416 ||| Stepping ~*~*~tactically~*~*~ (stealth).
  9440 | Lair:2   | 9440 ||| Stepping ~*~*~tactically~*~*~ (stealth).
  9442 | Lair:2   | 9442 ||| Stepping ~*~*~tactically~*~*~ (stealth).
  9473 | Lair:2   | 9473 ||| READING scroll of enchant armour.
  9473 | Lair:2   | 9473 ||| ENCHANTING +1 pair of gloves.
  9496 | Lair:2   | 9496 ||| INVOKING Heroism.
  9592 | Lair:2   | 9592 ||| INVOKING Heroism.
  9718 | Lair:2   | 9718 ||| INVOKING Heroism.
  9723 | Lair:2   | Received a gift from Okawaru
  9747 | Lair:2   | 9747 ||| INVOKING Heroism.
  9854 | Lair:2   | 9854 ||| INVOKING Heroism.
  9868 | Lair:2   | Reached skill level 12 in Axes
 10203 | Lair:2   | 10203 ||| READING scroll labelled MINLAVV OBLO.
 10264 | Lair:2   | 10264 ||| DRINKING 3 lumpy orange potions.
 10331 | Lair:3   | Reached XP level 12. HP: 74/76 MP: 17/17
 10349 | Lair:3   | Noticed a death yak
 10350 | Lair:3   | 10350 ||| Stepping ~*~*~tactically~*~*~ (stealth).
 10354 | Lair:3   | Noticed a death yak
 10354 | Lair:3   | Noticed a death yak
 10355 | Lair:3   | 10355 ||| Stepping ~*~*~tactically~*~*~ (stealth).
 10357 | Lair:3   | 10357 ||| Stepping ~*~*~tactically~*~*~ (stealth).
 10359 | Lair:3   | 10359 ||| INVOKING Heroism.
 10374 | Lair:3   | Killed a death yak
 10374 | Lair:3   | Received a gift from Okawaru
 10378 | Lair:3   | Killed a death yak
 10379 | Lair:3   | Reached skill level 6 in Shields
 10387 | Lair:3   | Killed a death yak
 10749 | Lair:3   | 10749 ||| Stepping ~*~*~tactically~*~*~ (hiding).
 10754 | Lair:3   | 10754 ||| Stepping ~*~*~tactically~*~*~ (stealth).
 10761 | Lair:3   | Reached ***** piety under Okawaru
 10865 | Lair:3   | 10865 ||| INVOKING Heroism.
 10867 | Lair:3   | 10867 ||| Stepping ~*~*~tactically~*~*~ (stealth).
 10877 | Lair:3   | 10877 ||| Stepping ~*~*~tactically~*~*~ (stealth).
 10994 | Lair:3   | Noticed a seven-headed hydra
 10995 | Lair:3   | 10995 ||| INVOKING Heroism.
 10996 | Lair:3   | 10996 ||| INVOKING Finesse.
 10998 | Lair:3   | 10998 ||| SWAPPING to +0 flail of protection.
 11002 | Lair:3   | 11002 ||| Stepping ~*~*~tactically~*~*~ (outnumbered).
 11007 | Lair:3   | 11007 ||| Stepping ~*~*~tactically~*~*~ (outnumbered).
 11008 | Lair:3   | 11008 ||| Stepping ~*~*~tactically~*~*~ (outnumbered).
 11016 | Lair:3   | 11016 ||| Stepping ~*~*~tactically~*~*~ (outnumbered).
 11018 | Lair:3   | 11018 ||| Stepping ~*~*~tactically~*~*~ (outnumbered).
 11020 | Lair:3   | 11020 ||| Stepping ~*~*~tactically~*~*~ (outnumbered).
 11025 | Lair:3   | 11025 ||| Stepping ~*~*~tactically~*~*~ (outnumbered).
 11046 | Lair:3   | Killed a seven-headed hydra
 11047 | Lair:3   | 11047 ||| SWAPPING to +1 war axe.
 11051 | Lair:3   | Reached skill level 9 in Invocations
 11051 | Lair:3   | Received a gift from Okawaru
 11052 | Lair:3   | 11052 ||| INVOKING Heroism.
 11285 | Lair:3   | Found a staircase to the Swamp.
 11376 | Lair:3   | 11376 ||| INVOKING Heroism.
 11581 | Lair:3   | 11581 ||| INVOKING Heroism.
 11585 | Lair:3   | 11585 ||| Stepping ~*~*~tactically~*~*~ (stealth).
 11615 | Lair:3   | 11615 ||| INVOKING Heroism.
 11771 | Lair:3   | 11771 ||| Stepping ~*~*~tactically~*~*~ (hiding).
 11773 | Lair:3   | 11773 ||| Stepping ~*~*~tactically~*~*~ (hiding).
 12264 | Lair:3   | 12264 ||| READING scroll labelled QUECRON QUASE.
 12265 | Lair:3   | 12265 ||| READING 4 scrolls of identify.
 12265 | Lair:3   | 12265 ||| IDENTIFYING bubbling brown potion
 12357 | Lair:4   | Noticed a six-headed hydra
 12358 | Lair:4   | 12358 ||| INVOKING Heroism.
 12359 | Lair:4   | 12359 ||| INVOKING Finesse.
 12361 | Lair:4   | 12361 ||| SWAPPING to +0 flail of protection.
 12367 | Lair:4   | Killed a six-headed hydra
 12368 | Lair:4   | 12368 ||| SWAPPING to +1 war axe.
 12441 | Lair:4   | 12441 ||| READING scroll of enchant weapon.
 12441 | Lair:4   | 12441 ||| ENCHANTING +1 war axe.
 12473 | Lair:4   | 12473 ||| Stepping ~*~*~tactically~*~*~ (stealth).
 12475 | Lair:4   | 12475 ||| INVOKING Heroism.
 12499 | Lair:4   | Received a gift from Okawaru
 12506 | Lair:4   | Reached XP level 13. HP: 65/82 MP: 20/20
 12516 | Lair:4   | Reached skill level 13 in Axes
 12616 | Lair:4   | 12616 ||| READING scroll of acquirement.
 12616 | Lair:4   | 12616 ||| ACQUIRING +0 vorpal broad axe
 12616 | Lair:4   | Acquired a +0 vorpal broad axe
 12618 | Lair:4   | 12618 ||| SWAPPING to +0 vorpal broad axe.
 12619 | Lair:4   | 12619 ||| DROPPING +2 war axe.
 12624 | Lair:4   | 12624 ||| DROPPING +0 flail of protection.
 12693 | Lair:4   | 12693 ||| INVOKING Heroism.
 12782 | Lair:4   | 12782 ||| Stepping ~*~*~tactically~*~*~ (stealth).
 12783 | Lair:4   | 12783 ||| Stepping ~*~*~tactically~*~*~ (stealth).
 12785 | Lair:4   | 12785 ||| Stepping ~*~*~tactically~*~*~ (stealth).
 12786 | Lair:4   | 12786 ||| Stepping ~*~*~tactically~*~*~ (stealth).
 12787 | Lair:4   | 12787 ||| Stepping ~*~*~tactically~*~*~ (stealth).
 12788 | Lair:4   | 12788 ||| INVOKING Heroism.
 12969 | Lair:4   | 12969 ||| INVOKING Heroism.
 12970 | Lair:4   | 12970 ||| INVOKING Finesse.
 13218 | Lair:5   | Entered Level 5 of the Lair of Beasts
 13221 | Lair:5   | 13221 ||| INVOKING Heroism.
 13264 | Lair:5   | 13264 ||| INVOKING Heroism.
 13269 | Lair:5   | 13269 ||| Stepping ~*~*~tactically~*~*~ (stealth).
 13270 | Lair:5   | 13270 ||| Stepping ~*~*~tactically~*~*~ (stealth).
 13271 | Lair:5   | Noticed Snorg
 13272 | Lair:5   | 13272 ||| INVOKING Finesse.
 13281 | Lair:5   | Received a gift from Okawaru
 13306 | Lair:5   | Killed Snorg
 13307 | Lair:5   | Reached skill level 14 in Axes
 13309 | Lair:5   | 13309 ||| SWAPPING to +0 morningstar.
 13312 | Lair:5   | 13312 ||| INVOKING Heroism.
 13313 | Lair:5   | 13313 ||| Stepping ~*~*~tactically~*~*~ (outnumbered).
 13314 | Lair:5   | 13314 ||| Stepping ~*~*~tactically~*~*~ (outnumbered).
 13318 | Lair:5   | 13318 ||| SWAPPING to +0 vorpal broad axe.
 13373 | Lair:5   | 13373 ||| INVOKING Heroism.
 13571 | Lair:5   | 13571 ||| INVOKING Heroism.
 13572 | Lair:5   | 13572 ||| INVOKING Finesse.
 13574 | Lair:5   | 13574 ||| SWAPPING to +0 morningstar.
 13585 | Lair:5   | 13585 ||| SWAPPING to +0 vorpal broad axe.
 13662 | Lair:5   | 13662 ||| Stepping ~*~*~tactically~*~*~ (stealth).
 13666 | Lair:5   | 13666 ||| Stepping ~*~*~tactically~*~*~ (stealth).
 13671 | Lair:5   | 13671 ||| Stepping ~*~*~tactically~*~*~ (stealth).
 13685 | Lair:5   | 13685 ||| Stepping ~*~*~tactically~*~*~ (stealth).
 13709 | Lair:5   | Received a gift from Okawaru
 13759 | Lair:5   | 13759 ||| INVOKING Heroism.
 13902 | Lair:5   | Found a staircase to the Slime Pits.
 13927 | Lair:5   | 13927 ||| INVOKING Heroism.
 13928 | Lair:5   | 13928 ||| INVOKING Finesse.
 13946 | Lair:5   | Received a gift from Okawaru
 14016 | Lair:5   | 14016 ||| INVOKING Heroism.
 14293 | Lair:5   | 14293 ||| INVOKING Heroism.
 14427 | Lair:5   | 14427 ||| READING scroll of enchant weapon.
 14427 | Lair:5   | 14427 ||| ENCHANTING +0 vorpal broad axe.
 14497 | Lair:5   | 14497 ||| INVOKING Heroism.
 14502 | Lair:5   | 14502 ||| Stepping ~*~*~tactically~*~*~ (stealth).
 14536 | Lair:5   | 14536 ||| INVOKING Heroism.
 14544 | Lair:5   | Gained mutation: Your large and strong wings let you fly.
                  | [Gargoyle growth]
 14544 | Lair:5   | Reached XP level 14. HP: 89/90 MP: 19/21
 14580 | Lair:5   | 14580 ||| Stepping ~*~*~tactically~*~*~ (hiding).
 14581 | Lair:5   | 14581 ||| INVOKING Finesse.
 14598 | Lair:5   | Received a gift from Okawaru
 14609 | Lair:5   | Reached skill level 15 in Axes
 14620 | Lair:5   | 14620 ||| INVOKING Heroism.
 14933 | Lair:5   | 14933 ||| Stepping ~*~*~tactically~*~*~ (stealth).
 14938 | Lair:5   | 14938 ||| Stepping ~*~*~tactically~*~*~ (stealth).
 15193 | Lair:5   | 15193 ||| PLANNING D:1-11
 15193 | Lair:5   | 15193 ||| UPGRADING to scarf of repulsion.
 15203 | Lair:5   | 15203 ||| READING 4 scrolls of identify.
 15203 | Lair:5   | 15203 ||| IDENTIFYING sapphire potion
 15204 | Lair:5   | 15204 ||| DROPPING potion of berserk rage.
 15328 | D:10     | Entered Level 10 of the Dungeon
 15332 | D:10     | 15332 ||| Stepping ~*~*~tactically~*~*~ (stealth).
 15373 | D:10     | Found Riratz's Antique Armour Emporium.
 15383 | D:10     | 15383 ||| BUYING pair of distressingly furry gloves (294
                  | gold).
 15383 | D:10     | Bought a pair of distressingly furry gloves for 294 gold
                  | pieces
 15383 | D:10     | Identified the +2 pair of gloves of Relativism {*Slow rElec
                  | rN+} (You bought it in a shop on level 10 of the Dungeon)
 15386 | D:10     | 15386 ||| Stepping ~*~*~tactically~*~*~ (hiding).
 15497 | D:10     | 15497 ||| Stepping ~*~*~tactically~*~*~ (hiding).
 15498 | D:10     | 15498 ||| Stepping ~*~*~tactically~*~*~ (hiding).
 15570 | D:10     | 15570 ||| INVOKING Heroism.
 15571 | D:10     | 15571 ||| INVOKING Finesse.
 15622 | D:10     | 15622 ||| READING scroll of enchant armour.
 15622 | D:10     | 15622 ||| ENCHANTING +1 helmet.
 15631 | D:10     | 15631 ||| READING scroll of enchant weapon.
 15631 | D:10     | 15631 ||| ENCHANTING +1 vorpal broad axe.
 15673 | D:10     | Found a sparkling altar of Nemelex Xobeh.
 15719 | D:10     | 15719 ||| READING scroll of enchant armour.
 15719 | D:10     | 15719 ||| ENCHANTING +0 pair of boots.
 15723 | D:10     | 15723 ||| INVOKING Heroism.
 15724 | D:10     | 15724 ||| INVOKING Finesse.
 15729 | D:10     | Noticed Harold
 15745 | D:10     | Killed Harold
 15938 | D:10     | Found a staircase to the Orcish Mines.
 15973 | D:10     | 15973 ||| INVOKING Heroism.
 16143 | D:10     | 16143 ||| DROPPING +2 pair of gloves of Relativism {*Slow
                  | rElec rN+}.
 16144 | D:10     | 16144 ||| DROPPING amulet of guardian spirit.
 16181 | D:11     | 16181 ||| Stepping ~*~*~tactically~*~*~ (stealth).
 16182 | D:11     | 16182 ||| Stepping ~*~*~tactically~*~*~ (stealth).
 16183 | D:11     | 16183 ||| Stepping ~*~*~tactically~*~*~ (stealth).
 16199 | D:11     | Reached skill level 12 in Fighting
 16281 | D:11     | 16281 ||| INVOKING Heroism.
 16358 | D:11     | Found a portal to a secret trove of treasure.
 16550 | D:11     | 16550 ||| Stepping randomly (disturbance).
 16604 | D:11     | 16604 ||| INVOKING Heroism.
 16605 | D:11     | 16605 ||| INVOKING Finesse.
 16832 | D:11     | 16832 ||| PLANNING D
 16832 | D:11     | 16832 ||| READING 6 scrolls of identify.
 16832 | D:11     | 16832 ||| IDENTIFYING emerald potion
 16839 | D:12     | 16839 ||| INVOKING Heroism.
 16851 | D:12     | Received a gift from Okawaru
 17089 | D:12     | 17089 ||| Stepping ~*~*~tactically~*~*~ (hiding).
 17397 | D:12     | 17397 ||| UPGRADING to ring of resist corrosion.
 17399 | D:12     | 17399 ||| UPGRADING to ring of protection from cold.
 17452 | D:13     | 17452 ||| Stepping randomly (disturbance).
 17554 | D:13     | 17554 ||| Stepping ~*~*~tactically~*~*~ (stealth).
 17556 | D:13     | 17556 ||| Stepping ~*~*~tactically~*~*~ (hiding).
 17715 | D:13     | 17715 ||| Stepping ~*~*~tactically~*~*~ (hiding).
 17717 | D:13     | 17717 ||| Stepping ~*~*~tactically~*~*~ (hiding).
 17870 | D:13     | Identified the +4 chain mail "Forget-Me-Not" {rPois}
 17872 | D:13     | 17872 ||| INVOKING Heroism.
 17946 | D:13     | Reached skill level 16 in Axes
 18124 | D:13     | 18124 ||| INVOKING Heroism.
 18125 | D:13     | 18125 ||| INVOKING Finesse.
 18413 | D:13     | 18413 ||| INVOKING Heroism.
 18434 | D:13     | Received a gift from Okawaru
 18640 | D:14     | 18640 ||| Stepping ~*~*~tactically~*~*~ (stealth).
 18643 | D:14     | 18643 ||| INVOKING Heroism.
 18665 | D:14     | Received a gift from Okawaru
 18812 | D:14     | Found an ornate altar of the Wu Jian Council.
 18871 | D:14     | 18871 ||| Stepping ~*~*~tactically~*~*~ (hiding).
 18880 | D:14     | Reached XP level 15. HP: 83/96 MP: 22/22
 19248 | D:14     | 19248 ||| Stepping ~*~*~tactically~*~*~ (hiding).
 19249 | D:14     | 19249 ||| INVOKING Heroism.
 19267 | D:14     | Reached skill level 3 in Dodging
 19277 | D:14     | Reached skill level 12 in Armour
 19480 | D:14     | 19480 ||| READING 5 scrolls of teleportation.
 19502 | D:14     | Found a gate to the Vaults.
 19509 | D:14     | Received a gift from Okawaru
 19907 | D:14     | 19907 ||| READING scroll labelled PEIPRYERYF.
 19941 | D:15     | Entered Level 15 of the Dungeon
 19941 | D:15     | Noticed Louise
 19942 | D:15     | 19942 ||| INVOKING Heroism.
 19943 | D:15     | 19943 ||| STAIRDANCE
 19958 | D:15     | 19958 ||| STAIRDANCE
 19967 | D:15     | 19967 ||| STAIRDANCE
 19982 | D:15     | 19982 ||| STAIRDANCE
 19991 | D:15     | 19991 ||| INVOKING Heroism.
 19992 | D:15     | 19992 ||| INVOKING Finesse.
 19999 | Abyss:2  | Cast into level 2 of the Abyss (Louise)
 20030 | Abyss:2  | 20030 ||| DRINKING 8 potions of curing.
 20030 | Abyss:2  | 20030 ||| (to cure confusion)
 20031 | Abyss:2  | 20031 ||| DRINKING 7 potions of curing.
 20031 | Abyss:2  | 20031 ||| (to cure confusion)
 20032 | Abyss:2  | 20032 ||| DRINKING 6 potions of curing.
 20032 | Abyss:2  | 20032 ||| (to cure confusion)
 20034 | Abyss:2  | 20034 ||| DRINKING 5 potions of curing.
 20034 | Abyss:2  | 20034 ||| (to cure confusion)
 20035 | Abyss:2  | 20035 ||| DRINKING 4 potions of curing.
 20035 | Abyss:2  | 20035 ||| (to cure confusion)
 20036 | Abyss:2  | 20036 ||| DRINKING 3 potions of curing.
 20036 | Abyss:2  | 20036 ||| (to cure confusion)
 20037 | Abyss:2  | 20037 ||| INVOKING Heroism.
 20039 | Abyss:2  | 20039 ||| DRINKING 2 potions of curing.
 20039 | Abyss:2  | 20039 ||| (to cure confusion)
 20041 | Abyss:2  | 20041 ||| DRINKING potion of curing.
 20041 | Abyss:2  | 20041 ||| (to cure confusion)
 20047 | Abyss:2  | Noticed a daeva
 20053 | Abyss:2  | HP: 24/96 [harpy zombie[a necromancer] (4)]
 20054 | Abyss:2  | 20054 ||| DRINKING 7 potions of heal wounds.
 20056 | Abyss:2  | 20056 ||| DRINKING 6 potions of heal wounds.
 20059 | Abyss:2  | HP: 21/96 [daeva/divine providence (10)]
 20060 | Abyss:2  | 20060 ||| DRINKING 5 potions of heal wounds.
 20062 | Abyss:2  | 20062 ||| DRINKING 4 potions of heal wounds.
 20064 | Abyss:2  | HP: 9/96 [daeva/+2 eudemon blade of holy wrath (20)]
 20065 | Abyss:2  | 20065 ||| DRINKING 3 potions of heal wounds.
 20066 | Abyss:2  | 20066 ||| DRINKING 2 potions of heal wounds.
 20069 | Abyss:2  | 20069 ||| DRINKING potion of heal wounds.
 20070 | Abyss:2  | HP: 14/96 [daeva/+2 eudemon blade of holy wrath (11)]
 20072 | Abyss:2  | Annihilated by a juggernaut zombie

Levels and vault maps discovered:
D:1:      dpeg_arrival_ratfight, layout_loops_ring,
          shapermc_ecumenical_altar_flowoftime
D:2:      layout_rooms, serial_glass, glass_columns_a, glass_columns_c,
          uniq_jessica, uniq_natasha
D:3:      layout_basic, mainiacjoe_overflow_small_starburst, uniq_ijyb
D:4:      layout_basic, saegor_snake_ambush
D:5:      minmay_octagon_keep, layout_gridville, serial_shops,
          nicolae_diamond_shop, lightli_sewer_entry_pipes, uniq_blork_the_orc,
          uniq_menkaure, uniq_sigmund
D:6:      layout_gridville, fountainhead, uniq_eustachio
D:7:      layout_gridville, minmay_temple_entry_waves, small_statue_intersection
D:8:      layout_gridville, minitemple, mainiacjoe_overflow_24_doors
D:9:      layout_gridville, dpeg_oklobed_lair, serial_shops,
          nicolae_stop_n_shop_1, nicolae_stop_n_shop_2
D:10:     layout_rooms, nemelex_altar_shiori, minmay_orc_entry_temple_small,
          serial_shops, nicolae_shop_waterfront, uniq_harold
D:11:     layout_big_octagon, enter_trove_2
D:12:     layout_roguey, kennysheep_boxes
D:13:     layout_gridville
D:14:     layout_loops_ring, skrybe_vaults_entry_preservation,
          nzn_wu_jian_contemplation, minmay_misc_feat_pillars
D:15:     gammafunk_enter_depths_forms, layout_stronghold, serial_glass,
          glass_columns_b, glass_columns_b, glass_columns_c, uniq_louise,
          uniq_josephine
Temple:   bh_familiar_temple
Lair:1:   layout_long_grid, minivault_26, nzn_masters_of_martial_movement,
          infiniplex_staircase_pool_2, grunt_megastairs_4, uniq_fannar
Lair:2:   layout_roguey, spider_nest_entry_webs, serial_bayou,
          serial_bayou_pond_a, serial_bayou_ford_a, serial_bayou_shore_b,
          serial_bayou_pond_d
Lair:3:   layout_cave_pods, minmay_swamp_entry_swarm
Lair:4:   layout_hall_layers
Lair:5:   grunt_lair_end_beastmaster, layout_cave_pods, slime_entry_1,
          lemuel_fruit_fields, grunt_megastairs_2, lemuel_fruit_tree,
          serial_bayou_shore_a, uniq_snorg
Abyss:2:  base: D:7, base:
Lair:2

Skill      XL: |  1  2  3  4  5  6  7  8  9 10 11 12 13 14 15 |
---------------+----------------------------------------------+-----
Axes           | 2 3 4 5 6 7 8 10 12 14 16 | 16.7
Throwing       | 1 2 3 4 5 |  5.1
Fighting       | 4 6 7 8 9 10 11 12 | 12.0
Armour         | 4 5 6 8 9 10 11 12 | 12.0
Dodging        | 1 2 3 |  3.2
Shields        | 4 5 6 7 8 |  8.0
Invocations    | 4 7 10 | 10.0

Action                   |  1- 3 |  4- 6 |  7- 9 | 10-12 | 13-15 || total
-------------------------+-------+-------+-------+-------+-------++-------
Melee: War axe           |    50 |    93 |   391 |   685 |    14 ||  1233
       Flail             |       |       |       |    43 |       ||    43
       Broad axe         |       |       |       |       |   712 ||   712
       Morningstar       |       |       |       |       |    11 ||    11
Throw: Javelin           |    20 |    26 |    38 |    73 |    87 ||   244
       Boomerang         |       |       |       |     3 |    54 ||    57
Invok: Heroism           |       |       |       |    30 |    29 ||    59
       Finesse           |       |       |       |     2 |    10 ||    12
  Use: Scroll            |     4 |     4 |     6 |     9 |     9 ||    32
       Potion            |       |     3 |     2 |     1 |    15 ||    21
Armor: Scale mail        |    14 |       |       |       |       ||    14
       Plate armour      |     7 |    75 |   274 |   406 |   433 ||  1195
Dodge: Dodged            |    15 |    22 |    81 |   224 |   178 ||   520
       Repelled          |       |       |       |       |     3 ||     3
Block: Buckler           |     5 |    16 |   133 |   308 |   306 ||   768
       Reflection        |       |       |     2 |     3 |    14 ||    19

Table legend:
 A = Non-vault XP
 B = Vault XP
 C = Vault XP percentage of total XP
 D = Non-vault monster count
 E = Vault monster count
 F = Vault count percentage of total count
                 A         B        C        D         E       F
            +---------+---------+-------+---------+---------+-------
      Total |   76289 |   23086 |  23.2 |     397 |      87 |  18.0
            +---------+---------+-------+---------+---------+-------
        D:1 |      22 |       5 |  18.5 |      12 |       5 |  29.4
        D:2 |      99 |      72 |  42.1 |      13 |       2 |  13.3
        D:3 |      31 |      36 |  53.7 |      10 |       1 |   9.1
        D:4 |     433 |       7 |   1.6 |      25 |       4 |  13.8
        D:5 |     674 |    1447 |  68.2 |      20 |      24 |  54.5
        D:6 |     757 |     197 |  20.6 |      16 |       1 |   5.9
        D:7 |    1173 |       0 |   0.0 |      29 |       0 |   0.0
        D:8 |    3040 |       0 |   0.0 |      36 |       0 |   0.0
        D:9 |    3155 |       0 |   0.0 |      33 |       0 |   0.0
       D:10 |    1976 |    1252 |  38.8 |      11 |       9 |  45.0
       D:11 |    3665 |       0 |   0.0 |      18 |       0 |   0.0
       D:12 |    4542 |       0 |   0.0 |      14 |       0 |   0.0
       D:13 |    9020 |       0 |   0.0 |      26 |       0 |   0.0
       D:14 |    7574 |    5424 |  41.7 |      16 |       9 |  36.0
       D:15 |       3 |       0 |   0.0 |       1 |       0 |   0.0
     Lair:1 |    1789 |    1699 |  48.7 |       7 |       2 |  22.2
     Lair:2 |    3047 |     359 |  10.5 |      12 |       2 |  14.3
     Lair:3 |   10485 |     893 |   7.8 |      31 |       5 |  13.9
     Lair:4 |    8007 |       0 |   0.0 |      22 |       0 |   0.0
     Lair:5 |   14391 |   11695 |  44.8 |      40 |      23 |  36.5
    Abyss:2 |    2406 |       0 |   0.0 |       5 |       0 |   0.0
            +---------+---------+-------+---------+---------+-------
